 Dungeon Crawl Stone Soup version 0.25.0-9-g26727b657a (webtiles) character file.

Game seed: 12417405276429032278

14 Esekla the Grave Robber (level 2, -6/21 HPs)
             Began as a Barachi Necromancer on June 20, 2020.
             Mangled by a worm (8 damage)
             ... on level 2 of the Dungeon.
             The game lasted 00:04:31 (1042 turns).

Esekla the Grave Robber (Barachi Necromancer)       Turns: 1042, Time: 00:04:32

Health: -6/21      AC:  2    Str:  9    XL:     2   Next: 41%
Magic:  0/5        EV: 12    Int: 15    God:
Gold:   27         SH:  0    Dex: 12    Spells: 4/5 levels left

rFire    . . .     SeeInvis .   b - +0 short sword
rCold    . . .     Gourm    .   (no shield)
rNeg     . . .     Faith    .   a - +0 robe
rPois    .         Spirit   .   (no helmet)
rElec    .         Reflect  .   (no cloak)
rCorr    .         Harm     .   (no gloves)
MR       .....                  (no boots)
Stlth    ++........             (no amulet)
HPRegen  0.07/turn              (no ring)
MPRegen  0.09/turn              (no ring)

@: slow
A: +LOS, swims, slowness 1, strong legs 1
a: Hop


You were on level 2 of the Dungeon.
You were hungry.

You visited 1 branch of the dungeon, and saw 2 of its levels.

You collected 27 gold pieces.

Inventory:

Hand Weapons
 b - a +0 short sword (weapon)
Armour
 a - a +0 robe (worn)
Scrolls
 g - 3 scrolls of amnesia {unknown}
Potions
 d - a potion of curing {unknown}
 e - a potion of resistance {unknown}
 f - a potion of invisibility {unknown}
Comestibles
 c - 2 rations


   Skills:
 * Level 1.2 Fighting
 + Level 0.1 Short Blades
 + Level 2.2 Dodging
 - Level 1.7 Stealth
 * Level 2.2 Spellcasting
 + Level 3.9 Necromancy


You had 4 spell levels left.
You knew the following spells:

 Your Spells              Type           Power        Failure   Level  Hunger
a - Pain                  Necr           ##..         4%          1    #......

Your spell library contained the following spells:

 Spells                   Type           Power        Failure   Level  Hunger
 Animate Skeleton         Necr           N/A          4%          1    #......
 Vampiric Draining        Necr           ##........   13%         3    ###....
 Animate Dead             Necr           N/A          38%         4    #####..
 Agony                    Necr           ##......     75%         5    ######.


Dungeon Overview and Level Annotations

Branches:
Dungeon (2/15)

Altars:
Elyvilon


Innate Abilities, Weirdness & Mutations

You can be seen from farther away. (+LOS)
You can swim through water.
You cover ground slowly.
You can hop short distances.


Message History

Confirm with . or Enter, or press ? or * to list all spells.
Aiming: Pain (safe; 4% risk of failure)
Press: ? - help, Shift-Dir - straight line, f/p - worm
Aim: a worm (heavily wounded, chance to defeat MR: 77%)
The worm writhes in agony.
Casting: Pain (safe; 4% risk of failure)
Confirm with . or Enter, or press ? or * to list all spells.
Aiming: Pain (safe; 4% risk of failure)
Press: ? - help, Shift-Dir - straight line, f/p - worm
Aim: a worm (severely wounded, chance to defeat MR: 77%)
The worm writhes in agony.
You barely miss the worm.
The worm is severely wounded.
Casting: Pain (safe; 4% risk of failure)
Confirm with . or Enter, or press ? or * to list all spells.
Aiming: Pain (safe; 4% risk of failure)
Press: ? - help, Shift-Dir - straight line, f/p - worm
Aim: a worm (severely wounded, chance to defeat MR: 77%)
The worm barely resists.
The worm bites you!
You die...

..# .8. #### ... #.. #.#
# #.# #.# ########.#####
##.## #
##.......#...###...###...
##.#####...8....._.....8.
##.# ###†..###@..###...
##.##### ##### ##w##
##.....# #.# .......# #.#
##.## ######.# #.# #...#
# #.# #.###.8.# ######.##
#.. #...# ........#
#.####.##
######..####.##...#


You could see a worm.

Vanquished Creatures
  A dart slug (D:1)
  2 leopard geckos
  A giant cockroach (D:2)
  A goblin (D:1)
  3 bats
  A frilled lizard (D:1)
  2 rats
11 creatures vanquished.

Notes
Turn   | Place    | Note
-------+----------+-------------------------------------------
     0 | D:1      | Esekla the Barachi Necromancer began the quest for the Orb.
     0 | D:1      | Reached XP level 1. HP: 13/13 MP: 3/3
   680 | D:1      | Reached XP level 2. HP: 12/20 MP: 1/5
   836 | D:1      | Reached skill level 1 in Fighting
   926 | D:2      | Found a white marble altar of Elyvilon.
  1042 | D:2      | Mangled by a worm

Illustrated notes

Levels and vault maps discovered:
D:1:      psy_arrival_conway, layout_basic, chequers_serial_rivers_room_a
D:2:      layout_loops_ring, lemuel_round_altar, elyvilon_altar_1,
          chequers_ecumenical_altar_simple, first_ration,
          yredelemnul_altar_generic, uniq_sigmund

Skill      XL: |  1  2 |
---------------+-------+-----
Fighting       | 1 |  1.2
Short Blades   | |  0.1
Dodging        | |  2.2
Stealth        | |  1.7
Spellcasting   | |  2.2
Necromancy     | |  3.9

Action                   || total
-------------------------++-------
Melee: Short sword       ||    40
       Unarmed           ||     2
 Cast: Pain              ||    21
Armor: Robe              ||     9
Dodge: Dodged            ||    32
